 Dungeon Crawl Stone Soup version 0.25-a0-558-g78a2afb0af (webtiles) character file.

Game seed: 16177371829625514143, levelgen mode: deterministic

366 Flugslaktarn the Chopper (level 6, -1/56 HPs)
             Began as a Minotaur Fighter on Feb 24, 2020.
             Slain by Menkaure (19 damage)
             ... on level 4 of the Dungeon.
             The game lasted 00:01:22 (1733 turns).

Flugslaktarn the Chopper (Minotaur Fighter)         Turns: 1733, Time: 00:01:22

Health: -1/56      AC: 12    Str: 23    XL:     6   Next: 40%
Magic:  14/14      EV: 17    Int:  5    God:
Gold:   58         SH:  8    Dex:  9    Spells: 5/5 levels left

rFire    . . .     SeeInvis .   (weapon currently unavailable)
rCold    . . .     Gourm    .   (shield currently unavailable)
rNeg     + + +     Faith    .   (armour currently unavailable)
rPois    +         Spirit   .   (helmet currently unavailable)
rElec    .         Reflect  +   (cloak currently unavailable)
rCorr    .         Harm     .   (gloves currently unavailable)
MR       .....                  (boots currently unavailable)
Stlth    +.........             q - brooch of Shielding {Reflect SH+8}
HPRegen  0.18/turn              g - ring of magical power
MPRegen  0.14/turn              (no ring)

@: fungus-form
A: tiny, (retaliatory headbutt)
a: no special abilities


You were on level 4 of the Dungeon.
You were not hungry.
You were a sentient fungus.
You visited 1 branch of the dungeon, and saw 4 of its levels.

You collected 94 gold pieces.
You spent 36 gold pieces at shops.

Inventory:

Hand Weapons
 a - a +0 war axe (melded)
Armour
 c - a +0 kite shield (melded)
 k - a +0 chain mail (melded)
   (You found it on level 2 of the Dungeon)
Jewellery
 g - a ring of magical power (left hypha)
   (You found it on level 1 of the Dungeon)
 q - the brooch of Shielding (around neck) {Reflect SH+8}
   (You found it on level 4 of the Dungeon)

   [amulet of reflection]

   It shields you and reflects attacks.
   It affects your SH (+8).
Scrolls
 f - 3 scrolls of identify {unknown}
 h - a scroll of random uselessness {unknown}
 i - a scroll of noise {unknown}
 l - 3 scrolls of magic mapping {unknown}
 m - 3 scrolls of teleportation
 n - 2 scrolls of immolation {unknown}
Potions
 b - 2 potions of curing {unknown}
 d - a potion of might
 j - a potion of invisibility {unknown}
 o - 2 potions of brilliance {unknown}
 p - a potion of cancellation {unknown}
Comestibles
 e - 7 rations
 r - 3 chunks of flesh


   Skills:
 + Level 5.0 Fighting
 * Level 5.5 Axes
 + Level 5.0 Armour
 + Level 5.0 Shields


You had 5 spell levels left.
You didn't know any spells.
Your spell library was empty.

Dungeon Overview and Level Annotations

Branches:
Dungeon (4/15)
 Temple: D:4-7

Altars:

Shops:
D:4 [*[

Annotations:
D:3 exclusions: goblin and 3 more exclusions
D:4 Dowan, Menkaure


Innate Abilities, Weirdness & Mutations

((You reflexively headbutt those who attack you in melee.))
((You have a pair of horns on your head.))


Message History

You release spores at Menkaure but do no damage.
Duvessa hits Menkaure with a +0 rapier.
You release spores at Menkaure!
Menkaure is severely damaged.
You block Menkaure's attack.
You barely miss Menkaure.
Menkaure is severely damaged.
Menkaure barely misses you.
You release spores at Duvessa!
You kill Duvessa!
Dowan seems overcome with grief, but rights himself reflexively soon after.
Dowan seems to find hidden reserves of power!
Your Fighting skill increases to level 5!
Your Armour skill increases to level 5!
Your Shields skill increases to level 5!
Dowan hits you but does no damage.
You release spores at Menkaure.
Menkaure is almost destroyed.
Dowan closely misses you. Menkaure hits you!!
You die...

...###... ...# .......
....# ### ..... #...# #.8
#... #...##.. #..#
..###...... ####..#
.....###..... .##.....##
......###...# .......Me##
.......#....#
....###)f.##...........##
..## ##...#...........##
..# ##...............# #.#
##..............# #.#
####.............#
#.#######.................
#............#######......
##............# #.......
#......#####..# #.......


You could see Menkaure and Dowan.

Vanquished Creatures
  Duvessa (D:4)
  An ogre (D:4)
  A centaur (D:3)
  A bullfrog zombie (D:4)
  A jelly (D:4)
  A worker ant (D:4)
  An orc wizard (D:3)
  2 adders (D:4)
  A dart slug (D:4)
  9 orcs (D:3)
  A ball python (D:3)
  A giant cockroach (D:4)
  3 goblins
  A hobgoblin (D:1)
  9 jackals
  3 kobolds
  5 bats
  4 frilled lizards
  A leopard gecko skeleton (D:4)
  A rat (D:3)
48 creatures vanquished.

Notes
Turn   | Place    | Note
-------+----------+-------------------------------------------
     0 | D:1      | Flugslaktarn the Minotaur Fighter began the quest for the
                  | Orb.
     0 | D:1      | Reached XP level 1. HP: 19/19 MP: 0/0
   333 | D:2      | Reached XP level 2. HP: 26/27 MP: 1/1
   619 | D:3      | Noticed a centaur
   626 | D:3      | Killed a centaur
   626 | D:3      | Reached XP level 3. HP: 21/33 MP: 2/2
   626 | D:3      | Reached XP level 4. HP: 26/40 MP: 3/3
   798 | D:3      | Reached XP level 5. HP: 40/47 MP: 4/4
  1125 | D:4      | Found Beulas's General Store.
  1164 | D:4      | Bought a scroll of teleportation for 36 gold pieces
  1268 | D:4      | Found Patoogaq's Antique Armour Shop.
  1314 | D:4      | Reached skill level 5 in Axes
  1499 | D:4      | Found the brooch of Shielding {Reflect SH+8}
  1523 | D:4      | Reached XP level 6. HP: 46/55 MP: 5/5
  1678 | D:4      | Found Rioller's Armour Boutique.
  1713 | D:4      | Noticed Dowan
  1716 | D:4      | Noticed Duvessa
  1719 | D:4      | Noticed Menkaure
  1732 | D:4      | Killed Duvessa
  1732 | D:4      | Reached skill level 5 in Fighting
  1732 | D:4      | Reached skill level 5 in Armour
  1732 | D:4      | Reached skill level 5 in Shields
  1733 | D:4      | Slain by Menkaure

Levels and vault maps discovered:
D:1:      roderic_crop_circles_arrival_small, layout_basic, item_on_display_a
D:2:      layout_basic, uniq_terence
D:3:      kennysheep_goblin_castle, layout_loops_ring
D:4:      layout_layer_cave, first_ration, serial_shops, shop,
          kennysheep_little_box, nicolae_shop_waterfront,
          nicolae_shop_statue_plus, uniq_duvessa, uniq_menkaure

Skill      XL: |  1  2  3  4  5  6 |
---------------+-------------------+-----
Axes           | 4 5 |  5.5
Fighting       | 4 5 |  5.0
Armour         | 4 5 |  5.0
Shields        | 4 5 |  5.0

Action                   |  1- 3 |  4- 6 || total
-------------------------+-------+-------++-------
Melee: War axe           |    36 |    80 ||   116
       Headbutt          |     6 |    13 ||    19
       Unarmed           |       |     9 ||     9
  Eat: Chunk             |       |     3 ||     3
Armor: Scale mail        |    15 |       ||    15
       Chain mail        |     5 |    60 ||    65
       Skin              |       |     1 ||     1
Dodge: Dodged            |    12 |    28 ||    40
Block: Kite shield       |    24 |    53 ||    77
       Other             |       |     1 ||     1
       Reflection        |       |     1 ||     1

Table legend:
 A = Non-vault XP
 B = Vault XP
 C = Vault XP percentage of total XP
 D = Non-vault monster count
 E = Vault monster count
 F = Vault count percentage of total count
                 A         B        C        D         E       F
            +---------+---------+-------+---------+---------+-------
      Total |     433 |      90 |  17.2 |      47 |       1 |   2.1
            +---------+---------+-------+---------+---------+-------
        D:1 |      10 |       0 |   0.0 |       7 |       0 |   0.0
        D:2 |       6 |       0 |   0.0 |       4 |       0 |   0.0
        D:3 |     201 |       0 |   0.0 |      22 |       0 |   0.0
        D:4 |     216 |      90 |  29.4 |      14 |       1 |   6.7
            +---------+---------+-------+---------+---------+-------
